 Dungeon Crawl Stone Soup version 0.21.1-1-g345015f (webtiles) character file.

105 nicolaieve the Chopper (level 4, -9/39 HPs)
             Began as a Minotaur Berserker on June 12, 2018.
             Was a Believer of Trog.
             Killed from afar by Sigmund (11 damage)
             ... with a puff of flame
             ... on level 3 of the Dungeon.
             The game lasted 00:08:24 (2456 turns).

nicolaieve the Chopper (Minotaur Berserker)         Turns: 2456, Time: 00:08:25

Health: -9/39      AC:  5    Str: 21    XL:     4   Next: 53%
Magic:  3/3        EV: 11    Int:  4    God:    Trog [**....]
Gold:   141        SH:  0    Dex: 11    Spells: 3/3 levels left

rFire    . . .     SeeInvis .   a - +0 hand axe
rCold    . . .     Gourm    .   (no shield)
rNeg     . . .     Faith    .   k - +0 ring mail
rPois    .         Spirit   .   (helmet restricted)
rElec    .         Reflect  .   (no cloak)
rCorr    .         Harm     .   (no gloves)
MR       .....                  (no boots)
Stlth    +.........             (no amulet)
HPRegen  0.13/turn              (no ring)
MPRegen  0.08/turn              (no ring)

@: no status effects
A: retaliatory headbutt, horns 2
a: Berserk, Trog's Hand, Burn Spellbooks, Renounce Religion


You were on level 3 of the Dungeon.
You worshipped Trog.
Trog was pleased with you.
You were not hungry.

You visited 1 branch of the dungeon, and saw 3 of its levels.

You collected 141 gold pieces.

Inventory:

Hand Weapons
 a - a +0 hand axe (weapon)
Missiles
 g - 21 stones (quivered)
Armour
 k - a +0 ring mail (worn)
Scrolls
 d - a scroll of fear {unknown}
 f - a scroll of amnesia {unknown}
 h - a scroll of fog {unknown}
 j - 2 scrolls of identify {unknown}
 m - 2 scrolls of magic mapping {unknown}
Potions
 e - 2 potions of magic {unknown}
 i - a potion of degeneration {unknown}
 l - a potion of flight {unknown}
Comestibles
 b - 5 chunks of flesh
 c - 7 rations


   Skills:
 - Level 3.6 Fighting
 + Level 6.5 Axes
 - Level 2.4 Armour
 - Level 2.1 Dodging


You had 3 spell levels left.
You didn't know any spells.

Dungeon Overview and Level Annotations

Branches:
Dungeon (3/15)

Altars:
Elyvilon
Okawaru
Yredelemnul

Annotations:
D:3 Sigmund


Innate Abilities, Weirdness & Mutations

You reflexively headbutt those who attack you in melee.
You have a pair of horns on your head.


Message History

The jackal bites you but does no damage.
You slash something! You hit the jackal.
You kill the jackal!
Trog accepts your kill. Something hits you.
* * * LOW HITPOINT WARNING * * *
You miss something. Something hits you but does no damage.
Unknown command.
You hit something. You hit something. You headbutt something!
Something hits you.
* * * LOW HITPOINT WARNING * * *
You miss something. Your headbutt misses something. Something hits you.
* * * LOW HITPOINT WARNING * * *
Unknown command.
You closely miss something. Your headbutt misses something. You miss something.
Your headbutt misses something.
You hear some strange, mumbled words.
A puff of flame appears from out of thin air!
The puff of flame hits you!
You die...

..... ..[ .. ....
#..#..r
...##.......
......#....
.........#
#.<....##
#({.....# #@†..# #
#?...#.###. .
#..........
#.######..........
..#.......#.####..
#. #..##.......#.#
...
##..##......##..
.#.###...##......#
###
.....#.#.##......#


You could see a rat.

Vanquished Creatures
  3 adders
  3 worms (D:2)
  4 dart slugs
  3 leopard geckos
  A giant cockroach (D:1)
  8 goblins
  6 hobgoblins
  9 jackals
  5 bats
  4 frilled lizards
  6 kobolds
  5 rats
57 creatures vanquished.

Notes
Turn   | Place    | Note
-------+----------+-------------------------------------------
     0 | D:1      | nicolaieve the Minotaur Berserker began the quest for the Orb.
     0 | D:1      | Reached XP level 1. HP: 19/19 MP: 0/0
   106 | D:1      | Reached skill level 4 in Axes
   111 | D:1      | Reached XP level 2. HP: 11/26 MP: 1/1
   113 | D:1      | HP: 1/26 [kobold/dagger (4)]
   627 | D:1      | Reached skill level 5 in Axes
   813 | D:1      | Reached XP level 3. HP: 31/31 MP: 2/2
  1329 | D:2      | Found an iron altar of Okawaru.
  1532 | D:2      | Reached ** piety under Trog
  1696 | D:2      | Found a basalt altar of Yredelemnul.
  1820 | D:2      | Reached XP level 4. HP: 19/39 MP: 3/3
  1912 | D:2      | Reached skill level 6 in Axes
  2150 | D:2      | Found a white marble altar of Elyvilon.
  2432 | D:3      | Noticed Sigmund
  2456 | D:3      | Killed from afar by Sigmund

Skill      XL: |  1  2  3  4 |
---------------+-------------+-----
Axes           | 4 5 6 |  6.5
Fighting       | |  3.6
Armour         | |  2.4
Dodging        | |  2.1

Action                   |  1- 3 |  4- 6 || total
-------------------------+-------+-------++-------
Melee: Hand axe          |    75 |    41 ||   116
       Headbutt          |    14 |     5 ||    19
  Eat: Chunk             |     3 |     2 ||     5
Armor: Animal skin       |     4 |       ||     4
       Ring mail         |     5 |    20 ||    25
       Leather armour    |     1 |       ||     1
Dodge: Dodged            |    40 |    33 ||    73
